NYP
SPOKANE INDIANS @ IDAHO FALLS CHUKARS
05/15/2049
 
TOP OF THE 1ST
Spokane Indians batting - Pitching for Idaho Falls Chukars : RHP Brian Owens
Pitching: RHP Brian Owens
Batting: LHB Sumiki Okuhara 0-0: Ball
1-0: Ball
2-0: Ball
3-0: Called Strike
3-1: Ground out 3-1 (Groundball, 34S, EV 86.2 MPH)
Batting: RHB Rich Thurman 0-0: Ball
1-0: Called Strike
1-1: Swinging Strike
1-2: Strikes out swinging
Batting: RHB Matthew Starr 0-0: Ball
1-0: Ball
2-0: Ground out 1-3 (Groundball, 15, EV 72.5 MPH)
Top of the 1st over - 0 runs, 0 hits, 0 errors, 0 left on base; Spokane 0 - Idaho Falls 0
BOTTOM OF THE 1ST
Idaho Falls Chukars batting - Pitching for Spokane Indians : RHP Derek White
Pitching: RHP Derek White
Batting: RHB Jon Shonka 0-0: Ball
1-0: Ground out 6-3 (Groundball, 6S, EV 90.0 MPH)
Batting: RHB Juan Nieves 0-0: Called Strike
0-1: Ball
1-1: Ball
2-1: Swinging Strike
2-2: Strikes out swinging
Batting: LHB Vicente Hernandez 0-0: Ball
1-0: Swinging Strike
1-1: Foul Ball, location: 2F
1-2: Ball
2-2: Ball
3-2: Fly out, F8 (Flyball, 8RXD, EV 81.2 MPH)
Bottom of the 1st over - 0 runs, 0 hits, 0 errors, 0 left on base; Spokane 0 - Idaho Falls 0
TOP OF THE 2ND
Spokane Indians batting - Pitching for Idaho Falls Chukars : RHP Brian Owens
Batting: LHB Matt Patnaude 0-0: Ball
1-0: Fly out, F9 (Line Drive, 89M, EV 88.8 MPH)
Batting: RHB Victor Moya 0-0: Ball
1-0: Ball
2-0: Swinging Strike
2-1: Swinging Strike
2-2: Fly out, F3 (Popup, 3DF, EV 55.0 MPH)
Batting: RHB Tony Rivera SINGLE, rundown, out at 1st!
Top of the 2nd over - 0 runs, 1 hit, 0 errors, 0 left on base; Spokane 0 - Idaho Falls 0
BOTTOM OF THE 2ND
Idaho Falls Chukars batting - Pitching for Spokane Indians : RHP Derek White
Batting: RHB Bill Cranton 0-0: Called Strike
0-1: Ball
1-1: Ball
2-1: Called Strike
2-2: Strikes out swinging
Batting: RHB Masakuni Takeuchi 0-0: Ball
1-0: Ball
2-0: Foul Ball, location: 2F
2-1: Called Strike
2-2: Foul Ball, location: 2F
2-2: Strikes out looking
Batting: RHB Shura Mogilny 0-0: Foul Ball, location: 2F
0-1: Ball
1-1: Ball
2-1: Ball
3-1: Ground out 4-3 (Groundball, 4S, EV 86.9 MPH)
Bottom of the 2nd over - 0 runs, 0 hits, 0 errors, 0 left on base; Spokane 0 - Idaho Falls 0
TOP OF THE 3RD
Spokane Indians batting - Pitching for Idaho Falls Chukars : RHP Brian Owens
Batting: RHB Salvador Caldera 0-0: Called Strike
0-1: Ball
1-1: Ball
2-1: Ball
3-1: Foul Ball, location: 2F
3-2: Foul Ball, location: 2F
3-2: Foul Ball, location: 2F
3-2: Foul Ball, location: 2F
3-2: Base on Balls
Batting: RHB Mike Strey 0-0: Called Strike
Salvador Caldera is caught stealing 2nd base 2-4
0-1: Swinging Strike
0-2: Ball
1-2: Ball
2-2: Ball
3-2: Ground out 1-3 (Groundball, 15, EV 67.5 MPH)
Batting: RHB Gabe Almazan 0-0: Swinging Strike
0-1: Ball
1-1: Called Strike
1-2: Ball
2-2: Fly out, F9 (Flyball, 9LM, EV 88.8 MPH)
Top of the 3rd over - 0 runs, 0 hits, 0 errors, 0 left on base; Spokane 0 - Idaho Falls 0
BOTTOM OF THE 3RD
Idaho Falls Chukars batting - Pitching for Spokane Indians : RHP Derek White
Batting: RHB Jason Conner 0-0: Called Strike
0-1: Called Strike
0-2: Ball
1-2: Fly out, F9 (Flyball, 9S, EV 85.6 MPH)
Batting: SHB Gary Woodroffe 0-0: Called Strike
0-1: Fly out, F8 (Line Drive, 8LD, EV 90.0 MPH)
Batting: RHB Danny Jefferies 0-0: Called Strike
0-1: Swinging Strike
0-2: Ball
1-2: Ball
2-2: Strikes out swinging
Bottom of the 3rd over - 0 runs, 0 hits, 0 errors, 0 left on base; Spokane 0 - Idaho Falls 0
TOP OF THE 4TH
Spokane Indians batting - Pitching for Idaho Falls Chukars : RHP Brian Owens
Batting: LHB Sumiki Okuhara 0-0: Ball
1-0: Ball
2-0: Swinging Strike
2-1: SINGLE (Groundball, 4, EV 96.9 MPH)
Batting: RHB Rich Thurman 0-0: Called Strike
0-1: Swinging Strike
0-2: Ball
1-2: SINGLE (Line Drive, 6MD, EV 93.8 MPH)
Sumiki Okuhara to second
Batting: RHB Matthew Starr 0-0: Foul Ball, location: 2F
0-1: SINGLE (Line Drive, 8RS, EV 110.6 MPH)
Sumiki Okuhara to third
Rich Thurman to second
Batting: LHB Matt Patnaude 0-0: Swinging Strike
0-1: Called Strike
0-2: Strikes out looking
Batting: RHB Victor Moya 0-0: Called Strike
0-1: Called Strike
0-2: Foul Ball, location: 2F
0-2: Ball
1-2: SINGLE (Line Drive, 5D, EV 102.5 MPH)
Sumiki Okuhara scores
Rich Thurman to third
Matthew Starr to second
Batting: RHB Tony Rivera 0-0: Ball
1-0: Called Strike
1-1: Fielders Choice at 2nd, 5-4 (Groundball, 56, EV 81.9 MPH)
Rich Thurman scores
Matthew Starr to third
Batting: RHB Salvador Caldera 0-0: Ball
1-0: 3-RUN HOME RUN (Flyball, 7LD, EV 95.0 MPH), Distance : 355 ft
Pitching: RHP Paul Gibbens
Batting: RHB Mike Strey 0-0: Ball
1-0: Called Strike
1-1: Ball
2-1: Foul Ball, location: 2F
2-2: Ball
3-2: Base on Balls
Batting: RHB Gabe Almazan 0-0: Ball
1-0: Called Strike
1-1: Foul Ball, location: 2F
1-2: Strikes out swinging, 2-3 out at first.
Top of the 4th over - 5 runs, 5 hits, 0 errors, 1 left on base; Spokane 5 - Idaho Falls 0
BOTTOM OF THE 4TH
Idaho Falls Chukars batting - Pitching for Spokane Indians : RHP Derek White
Batting: RHB Jon Shonka 0-0: Ground out 6-3 (Groundball, 6, EV 104.4 MPH)
Batting: RHB Juan Nieves 0-0: Ball
1-0: Foul Ball, location: 2F
1-1: Foul Ball, location: 2F
1-2: Ball
2-2: Strikes out swinging
Batting: LHB Vicente Hernandez 0-0: Called Strike
0-1: Foul Ball, location: 2F
0-2: Ball
1-2: Foul Ball, location: 2F
1-2: Strikes out swinging
Bottom of the 4th over - 0 runs, 0 hits, 0 errors, 0 left on base; Spokane 5 - Idaho Falls 0
TOP OF THE 5TH
Spokane Indians batting - Pitching for Idaho Falls Chukars : RHP Paul Gibbens
Batting: LHB Sumiki Okuhara 0-0: Ball
1-0: Called Strike
1-1: Foul Ball, location: 2F
1-2: Ball
2-2: Strikes out looking
Batting: RHB Rich Thurman 0-0: Called Strike
0-1: Ball
1-1: Ball
2-1: Fly out, F4 (Popup, 23, EV 83.1 MPH)
Batting: RHB Matthew Starr 0-0: Ball
1-0: Called Strike
1-1: Fly out, F8 (Flyball, 8LD, EV 95.0 MPH)
Top of the 5th over - 0 runs, 0 hits, 0 errors, 0 left on base; Spokane 5 - Idaho Falls 0
BOTTOM OF THE 5TH
Idaho Falls Chukars batting - Pitching for Spokane Indians : RHP Derek White
Batting: RHB Bill Cranton 0-0: Called Strike
0-1: Ball
1-1: Ball
2-1: Foul Ball, location: 2F
2-2: Ball
3-2: Ground out 6-3 (Groundball, 6M, EV 85.0 MPH)
Batting: RHB Masakuni Takeuchi 0-0: DOUBLE (Line Drive, 9LM, EV 106.9 MPH)
Batting: RHB Shura Mogilny 0-0: Called Strike
0-1: SINGLE (Groundball, 4M, EV 96.9 MPH) (infield hit)
Masakuni Takeuchi to third
Batting: RHB Jason Conner 0-0: Ball
1-0: Ball
Shura Mogilny is caught stealing 2nd base 2-4
2-0: Hit by Pitch
Batting: SHB Gary Woodroffe 0-0: Ball
1-0: Ball
2-0: Called Strike
2-1: Foul Ball, location: 2F
2-2: Strikes out swinging
Bottom of the 5th over - 0 runs, 2 hits, 0 errors, 2 left on base; Spokane 5 - Idaho Falls 0
TOP OF THE 6TH
Spokane Indians batting - Pitching for Idaho Falls Chukars : RHP Paul Gibbens
Batting: LHB Matt Patnaude 0-0: Fly out, F9 (Flyball, 9D, EV 102.5 MPH)
Batting: RHB Victor Moya 0-0: Foul Ball, location: 2F
0-1: Ground out 4-3 (Groundball, 4, EV 81.2 MPH)
Batting: RHB Tony Rivera 0-0: Called Strike
0-1: Reached on error, E6 (Groundball, 6S, EV 86.9 MPH)
Batting: RHB Salvador Caldera 0-0: Called Strike
0-1: Foul Ball, location: 2F
0-2: Ball
1-2: Strikes out looking
Top of the 6th over - 0 runs, 0 hits, 1 error, 1 left on base; Spokane 5 - Idaho Falls 0
BOTTOM OF THE 6TH
Idaho Falls Chukars batting - Pitching for Spokane Indians : RHP Derek White
Batting: RHB Danny Jefferies 0-0: Ball
1-0: Ball
2-0: Called Strike
2-1: Foul Ball, location: 2F
2-2: SINGLE (Groundball, 56D, EV 98.8 MPH)
Batting: RHB Jon Shonka 0-0: Ball
1-0: Swinging Strike
1-1: Ball
2-1: Swinging Strike
2-2: Ball
Wild Pitch!
Danny Jefferies to second
3-2: Foul Ball, location: 2F
3-2: Foul Ball, location: 2F
3-2: Foul Ball, location: 2F
3-2: Foul Ball, location: 2F
3-2: Fly out, F8 (Flyball, 8RS, EV 91.2 MPH)
Batting: RHB Juan Nieves 0-0: Foul Ball, location: 2F
0-1: Ground out 4-3 (Groundball, 4, EV 109.4 MPH)
Danny Jefferies to third
Batting: LHB Vicente Hernandez 0-0: Ball
1-0: Ball
2-0: Foul Ball, location: 2F
2-1: Called Strike
2-2: Strikes out swinging
Bottom of the 6th over - 0 runs, 1 hit, 0 errors, 1 left on base; Spokane 5 - Idaho Falls 0
TOP OF THE 7TH
Spokane Indians batting - Pitching for Idaho Falls Chukars : RHP Paul Gibbens
Batting: RHB Mike Strey 0-0: Foul Ball, location: 2F
0-1: SINGLE (Flyball, 89S, EV 93.1 MPH)
Batting: RHB Gabe Almazan 0-0: Ball
1-0: Swinging Strike
1-1: Ball
2-1: SINGLE (Groundball, 34, EV 103.1 MPH)
Mike Strey to second
Runner from 2nd tries for 3rd, SAFE, throw by RF made to third
Batting: LHB Sumiki Okuhara 0-0: Ball
1-0: Ball
2-0: Swinging Strike
2-1: Called Strike
2-2: Ball
3-2: Base on Balls
Gabe Almazan to second
Batting: RHB Rich Thurman 0-0: Called Strike
0-1: Ball
1-1: Swinging Strike
1-2: Ball
2-2: Ball
3-2: Base on Balls
Mike Strey scores
Gabe Almazan to third
Sumiki Okuhara to second
Pitching: LHP Adrian Sanchez
Batting: RHB Matthew Starr 0-0: Ball
1-0: Foul Ball, location: 2F
1-1: Foul Ball, location: 2F
1-2: Foul Ball, location: 2F
1-2: Ball
2-2: Foul Ball, location: 2F
2-2: Fly out, F9 (Flyball, 9S, EV 90.0 MPH)
Batting: LHB Matt Patnaude 0-0: Ball
1-0: Ball
2-0: Ball
3-0: Base on Balls
Gabe Almazan scores
Sumiki Okuhara to third
Rich Thurman to second
Pinch Hitting: RHB Steve Haskins 0-0: Called Strike
0-1: SINGLE (Line Drive, 6D, EV 96.2 MPH)
Sumiki Okuhara scores
Rich Thurman to third
Matt Patnaude to second
Runner from 3rd tries for Home, throw by CF and OUT! 8-2
Matt Patnaude to third
Steve Haskins to second
Pinch Hitting: RHB Johannes Gutermuth 0-0: Foul Ball, location: 2F
0-1: Foul Ball, location: 2F
0-2: Ball
1-2: SINGLE (Groundball, 6M, EV 98.8 MPH)
Matt Patnaude scores
Steve Haskins to third
Runner from 3rd tries for Home, SAFE, throw by CF to home
Batting: RHB Salvador Caldera 0-0: Swinging Strike
0-1: Ball
1-1: Swinging Strike
1-2: Ball
2-2: Ball
3-2: Base on Balls
Johannes Gutermuth to second
Batting: RHB Mike Strey 0-0: Ball
1-0: Ball
2-0: Ball
3-0: Called Strike
3-1: Base on Balls
Johannes Gutermuth to third
Salvador Caldera to second
Pinch Hitting: RHB Jorge Bernal 0-0: Called Strike
0-1: Swinging Strike
0-2: Strikes out looking
Top of the 7th over - 5 runs, 4 hits, 0 errors, 3 left on base; Spokane 10 - Idaho Falls 0
BOTTOM OF THE 7TH
Idaho Falls Chukars batting - Pitching for Spokane Indians : RHP Derek White
Now at 1B: Vinny Luna
Now at 2B: Jorge Bernal
Now at 3B: Johannes Gutermuth
Now at SS: Rich Thurman
Batting: RHB Bill Cranton 0-0: Foul Ball, location: 2F
0-1: Ball
1-1: Ball
2-1: Ball
3-1: Foul Ball, location: 2F
3-2: Strikes out swinging
Batting: RHB Masakuni Takeuchi 0-0: Ball
1-0: Called Strike
1-1: Ball
2-1: Foul Ball, location: 2F
2-2: Strikes out swinging
Batting: RHB Shura Mogilny 0-0: Ball
1-0: Called Strike
1-1: Foul Ball, location: 2F
1-2: Strikes out swinging
Bottom of the 7th over - 0 runs, 0 hits, 0 errors, 0 left on base; Spokane 10 - Idaho Falls 0
TOP OF THE 8TH
Spokane Indians batting - Pitching for Idaho Falls Chukars : LHP Adrian Sanchez
Pinch Hitting: RHB David Barnard 0-0: SOLO HOME RUN (Flyball, 7LD, EV 97.5 MPH), Distance : 380 ft
Batting: RHB Rich Thurman 0-0: Called Strike
0-1: SINGLE (Line Drive, 89S, EV 107.5 MPH)
Batting: RHB Matthew Starr 0-0: Swinging Strike
0-1: Called Strike
0-2: Strikes out looking
Batting: LHB Matt Patnaude 0-0: Ball
1-0: Foul Ball, location: 2F
1-1: Swinging Strike
1-2: Foul Ball, location: 2F
1-2: Ball
2-2: 2-RUN HOME RUN (Flyball, 89XD, EV 111.9 MPH), Distance : 421 ft
Pitching: RHP Itsuki Eguchi
Pinch Hitting: RHB Luis Reyna 0-0: Foul Ball, location: 2F
0-1: Foul Ball, location: 2F
0-2: Ball
1-2: Strikes out looking
Batting: RHB Johannes Gutermuth 0-0: Foul Ball, location: 2F
0-1: SINGLE (Groundball, 6MS, EV 68.8 MPH) (infield hit)
Batting: RHB Salvador Caldera 0-0: Foul Ball, location: 2F
0-1: Swinging Strike
0-2: Strikes out swinging
Top of the 8th over - 3 runs, 4 hits, 0 errors, 1 left on base; Spokane 13 - Idaho Falls 0
BOTTOM OF THE 8TH
Idaho Falls Chukars batting - Pitching for Spokane Indians : RHP Derek White
Pitching: RHP Victor Nunez
Now at 1B: Luis Reyna
Now in LF: David Barnard
Now in CF: Salvador Caldera
Batting: RHB Jason Conner 0-0: Foul Ball, location: 2F
0-1: Ball
1-1: Ball
2-1: Ground out 5-3 (Groundball, 56S, EV 83.8 MPH)
Batting: SHB Gary Woodroffe 0-0: Ground out 3-1 (Groundball, 34, EV 80.6 MPH)
Pinch Hitting: LHB Jayden Pelayo 0-0: Called Strike
0-1: Ball
1-1: Ball
2-1: Swinging Strike
2-2: SINGLE (Groundball, 4MD, EV 96.9 MPH)
Batting: RHB Jon Shonka 0-0: Called Strike
0-1: Ground out 6-3 (Groundball, P, EV 89.4 MPH)
Bottom of the 8th over - 0 runs, 1 hit, 0 errors, 1 left on base; Spokane 13 - Idaho Falls 0
TOP OF THE 9TH
Spokane Indians batting - Pitching for Idaho Falls Chukars : RHP Itsuki Eguchi
Now in RF: Jayden Pelayo
Batting: RHB Mike Strey 0-0: Foul Ball, location: 2F
0-1: Ball
1-1: Ball
2-1: Foul Ball, location: 2F
2-2: Strikes out swinging
Batting: RHB Jorge Bernal 0-0: Ball
1-0: Fly out, F8 (Flyball, 8LD, EV 101.9 MPH)
Batting: RHB David Barnard 0-0: Ball
1-0: SINGLE (Groundball, 5L, EV 82.5 MPH) (infield hit)
Batting: RHB Rich Thurman 0-0: Ground out 5-3 (Groundball, 56S, EV 90.6 MPH)
Top of the 9th over - 0 runs, 1 hit, 0 errors, 1 left on base; Spokane 13 - Idaho Falls 0
BOTTOM OF THE 9TH
Idaho Falls Chukars batting - Pitching for Spokane Indians : RHP Victor Nunez
Batting: RHB Juan Nieves 0-0: Called Strike
0-1: Swinging Strike
0-2: Ball
1-2: Ball
2-2: Foul Ball, location: 2F
2-2: Foul Ball, location: 2F
2-2: Strikes out swinging
Batting: LHB Vicente Hernandez 0-0: Ball
1-0: Ball
2-0: Called Strike
2-1: DOUBLE (Line Drive, 9LD, EV 111.9 MPH)
Batting: RHB Bill Cranton 0-0: Ball
1-0: Foul Ball, location: 2F
1-1: Ball
2-1: Called Strike
2-2: Fly out, F9 (Flyball, 9D, EV 82.5 MPH)
Runner from 2nd tags up, SAFE at 3rd, no throw by RF
Batting: RHB Matt Weddle 0-0: Foul Ball, location: 2F
0-1: Swinging Strike
0-2: Fly out, F3 (Popup, 3SF, EV 81.9 MPH)
Bottom of the 9th over - 0 runs, 1 hit, 0 errors, 1 left on base; Spokane 13 - Idaho Falls 0
Sunday, July 16th , 2023 - OOTP Baseball 24.6 Build 69